 Dungeon Crawl Stone Soup version 0.20.1-1-g8b1a95d (webtiles) character file.

21964 Monsterracer the Grappler (level 12, -2/94 HPs)
             Began as a Demonspawn Skald on Sept 13, 2017.
             Was an Elder of Nemelex Xobeh.
             Slain by a ten-headed hydra (11 damage)
             ... on level 4 of the Lair of Beasts.
             The game lasted 00:36:32 (18356 turns).

Monsterracer the Grappler (Demonspawn Skald)       Turns: 18356, Time: 00:36:32

Health: -2/94      AC: 18    Str: 18    XL:     12   Next: 58%
Magic:  21/21      EV: 14    Int: 12    God:    Nemelex Xobeh [****..]
Gold:   751        SH:  0    Dex: 12    Spells: 9/15 levels left

rFire    + . .     SeeInvis .     - Unarmed
rCold    . . .     Gourm    .   (no shield)
rNeg     . . .     Faith    .   I - +2 ring mail {rF+}
rPois    +         Spirit   .   (helmet restricted)
rElec    .         Reflect  .   B - +2 cloak
rCorr    .         Harm     .   (gloves unavailable)
MR       .....                  (no boots)
Stlth    ++........             (no amulet)
Regen    0.3/turn               j - +2 ring of slaying
MPRegen  0.2/turn               F - ring of Cycvir {+Fly rPois AC+4}

@: no status effects
A: claws 3, horns 1, thin metallic scales 1, camouflage 1, blink, demonic
guardian 1, dopey 1, high mp 1, wild magic 1
a: Blink, Triple Draw, Deal Four, Renounce Religion, Evoke Flight


You were on level 4 of the Lair of Beasts.
You worshipped Nemelex Xobeh.
Nemelex Xobeh was greatly pleased with you.
You were hungry.

You visited 2 branches of the dungeon, and saw 14 of its levels.

You collected 835 gold pieces.
You spent 84 gold pieces at shops.

Inventory:

Hand Weapons
 b - the +7 trident "Yppudan" {flame, rElec rPois rF- Str+4}
   (You found it on level 8 of the Dungeon)

   It has been specially enchanted to burn those struck by it, causing extra
   injury to most foes and up to half again as much damage against particularly
   susceptible opponents.
   It affects your strength (+4).
   It makes you vulnerable to fire.
   It insulates you from electricity.
   It protects you from poison.
Armour
 l - a +1 helmet of see invisible
 m - a scarf of cloud immunity
 u - a +0 shield
 B - a +2 cloak (worn)
 I - a +2 ring mail of fire resistance (worn)
Jewellery
 a - an uncursed ring of resist corrosion
 j - a +2 ring of slaying (left claw)
 p - an uncursed ring of fire
 F - the ring of Cycvir (right claw) {+Fly rPois AC+4}
   (You found it on level 10 of the Dungeon)

   [ring of protection]

   It affects your AC (+4).
   It protects you from poison.
   It lets you fly.
 K - an uncursed ring of protection from magic {unknown}
Wands
 f - a wand of digging (11/24)
 k - a wand of clouds (3/9)
 s - a wand of lightning (7/15)
 t - a wand of digging (12/24)
Scrolls
 g - 2 scrolls of recharging
 w - a scroll of fog
 D - 4 scrolls of blinking
 G - 3 scrolls of magic mapping
 H - 5 scrolls of teleportation
 J - a scroll of amnesia
 P - 2 scrolls of fear
Potions
 e - a potion of cancellation
 h - 3 potions of lignification
 i - 9 potions of curing
 n - 4 potions of haste
 q - 2 potions of heal wounds
 v - 2 potions of flight
 z - a potion of might
 E - a potion of agility
 L - 3 potions of invisibility
 M - 2 potions of resistance
 R - 2 potions of berserk rage
 V - a potion of magic
Miscellaneous
 x - a plain deck of destruction {drawn: 2}
 y - an ornate deck of destruction {drawn: 3}
 A - a plain deck of escape
 C - an ornate deck of escape
 N - a plain deck of summoning {drawn: 1}
 O - a plain deck of summoning
 Q - an ornate deck of summoning
 S - a plain deck of summoning
 U - a phantom mirror
Comestibles
 c - 20 fruits
 d - 14 bread rations
 o - 12 meat rations
 T - 2 royal jellies


   Skills:
 + Level 8.6 Fighting
   Level 4.6 Axes
 + Level 7.6 Armour
 + Level 7.6 Dodging
 + Level 4.8 Shields
 * Level 11.1 Unarmed Combat
 - Level 2.0 Spellcasting
 - Level 2.6 Charms
 + Level 9.5 Invocations


You had 9 spell levels left.
You knew the following spells:

 Your Spells              Type           Power        Failure   Level  Hunger
c - Song of Slaying       Chrm           #.......     30%         2    ###....
e - Regeneration          Chrm/Necr      #.........   67%         3    ####...
z - Apportation           Tloc           #.....       50%         1    ##.....


Dungeon Overview and Level Annotations

Branches:
Dungeon (10/15)            Temple (0/1) D:6            Lair (4/6) D:9
  Swamp (0/4) Lair:3        Snake (0/4) Lair:4          Orc (0/2) D:10

Altars:
Makhleb
Nemelex Xobeh
Qazlal

Shops:
D:7 ?(=?=


Innate Abilities, Weirdness & Mutations

You have claws for hands.
You are partially covered in thin metallic scales. (AC +2)
A weak demonic guardian rushes to your aid.
You have a pair of small horns on your head.
Your skin changes colour to match your surroundings (Stealth+).
You can translocate small distances at will.
You are dopey. (Int -2)
You have an increased reservoir of magic. (+10% MP)
Your spells are a little harder to cast, but a little more powerful.


Message History

Lightning arcs down from a storm cloud!
Huge Dmg: -30%(-28hp) hp: 30%(28hp) Unknown command.
You barely miss the ten-headed hydra.
The ten-headed hydra is almost dead.
Your air elemental barely misses the ten-headed hydra.
The blink frog hits you!
* * * LOW HITPOINT WARNING * * *
The blink frog is struck by lightning.
You kill the blink frog!
Your air elemental hits the ten-headed hydra.
The ten-headed hydra bites you but does no damage.
The ten-headed hydra barely misses you.
The ten-headed hydra bites you but does no damage.
The ten-headed hydra bites you!
* * * LOW HITPOINT WARNING * * *
The ten-headed hydra bites you but does no damage. x2
The ten-headed hydra bites you!
You die...
Your body glows with a rainbow of weird colours and disappears.

#.P# #..... #..... ...§.
#§.§ ##### #§§.###§§§##
#§§§...§§..#
.###.§§...§§§## ##
....§§§@F.#...##.#
#....5D§§§.§....#
#.P.§5E§§§§§§...## ###
###.§§§§§.§#§....#####.#
...............P##...#.
#..........#.....##.....
#.......P.....#.........
#........PP####........<
##).P.#......##....


You could see a ten-headed hydra, a blink frog, a friendly air elemental and 2
friendly iron imps.

Vanquished Creatures
  3 hydras
  2 catoblepae (Lair:3)
  A two-headed ogre (D:9)
  Erica (D:8)
  An unseen horror (D:9)
  A necromancer (D:10)
  A black mamba (Lair:3)
  4 spiny frogs
  Psyche (D:8)
  2 komodo dragons (Lair:1)
  A meliai (Lair:3)
  3 polar bears (Lair:3)
  3 tyrant leeches (Lair:3)
  A troll (D:9)
  A hornet (Lair:3)
  11 blink frogs
  Prince Ribbit (D:5)
  The ghost of LaGlobule the Magician, an amateur OpWz of Sif Muna (D:4)
  2 hippogriffs
  5 yaks (Lair:1)
  A wyvern (D:8)
  2 basilisks (Lair:2)
  3 swamp worms (Lair:3)
  Edmund (D:5)
  4 water moccasins
  3 porcupines
  3 black bears
  5 ice beasts
  4 sky beasts
  An eye of draining (Lair:3)
  3 ogres
  9 wolves
  A centaur (D:7)
  6 crocodiles
  13 bullfrogs
  3 big kobolds
  3 gnoll sergeants (D:10)
  A water moccasin zombie (D:7)
  6 scorpions
  10 killer bees
  An electric eel (Lair:2)
  8 wights
  6 crimson imps
  2 jellies
  A quasit (D:8)
  6 hounds
  A gnoll shaman (D:7)
  5 orc priests
  Crazy Yiuf (D:6)
  4 iguanas
  2 bullfrog skeletons
  10 orc wizards
  5 worker ants
  A hound zombie (D:5)
  3 hound skeletons
  2 howler monkey zombies (D:7)
  8 gnolls
  11 adders
  3 shadow imps
  An adder zombie (D:5)
  3 adder skeletons
  3 worms
  3 dart slugs
  5 leopard geckos
  44 orcs
  8 bats
  10 giant cockroaches
  A goblin (D:1)
  3 hobgoblins
  3 jackals
  12 kobolds
  8 quokkas
  A ball python (D:2)
  4 frilled lizards
  A jackal zombie (D:8)
  A leopard gecko skeleton (D:4)
  A leopard gecko zombie (D:5)
  A quokka skeleton (D:4)
  A quokka zombie (D:7)
  4 rats
  2 fungi (Lair:3)
328 creatures vanquished.

Vanquished Creatures (collateral kills)
  A hydra (Lair:3)
  A black mamba (Lair:3)
  A spiny frog (Lair:3)
  A yak (Lair:1)
  Menkaure (D:5)
  An orc warrior (D:9)
  3 ogres
  A centaur (D:8)
  A crocodile (Lair:3)
  A bullfrog (D:6)
  A gnoll sergeant (D:10)
  A killer bee (D:7)
  2 howler monkeys (D:8)
  A worker ant (Lair:3)
  An orc (D:6)
  A goblin (D:4)
  A quokka (D:8)
20 creatures vanquished.

Vanquished Creatures (others)
  3 fungi
  2 plants (Lair:3)
5 creatures vanquished.

Grand Total: 353 creatures vanquished

Notes
Turn   | Place    | Note
-------+----------+-------------------------------------------
     0 | D:1      | Monsterracer the Demonspawn Skald began the quest for the Orb.
     0 | D:1      | Reached XP level 1. HP: 16/16 MP: 3/3
    86 | D:1      | Reached skill level 1 in Armour
    97 | D:1      | Gained mutation: You are partially covered in thin metallic scales. (AC +2) [demonic ancestry]
    97 | D:1      | Reached XP level 2. HP: 22/22 MP: 5/5
   728 | D:2      | HP: 11/23 [worm (8)]
   733 | D:2      | HP: 10/23 [worm (2)]
   968 | D:2      | Gained mutation: A weak demonic guardian rushes to your aid. [demonic ancestry]
   968 | D:2      | Reached XP level 3. HP: 28/28 MP: 6/6
  1295 | D:2      | Learned a level 3 spell: Regeneration
  1336 | D:2      | Learned a level 2 spell: Song of Slaying
  1572 | D:2      | Reached XP level 4. HP: 33/34 MP: 7/7
  2972 | D:4      | Gained mutation: You have sharp fingernails. [demonic ancestry]
  2972 | D:4      | Reached XP level 5. HP: 41/41 MP: 2/8
  3572 | D:4      | Noticed LaGlobule's ghost (amateur OpWz)
  3583 | D:4      | HP: 17/41 [LaGlobule's ghost/magic dart (8)]
  3587 | D:4      | Killed LaGlobule's ghost
  3587 | D:4      | Reached XP level 6. HP: 16/47 MP: 3/9
  4121 | D:4      | Reached XP level 7. HP: 51/54 MP: 10/10
  4501 | D:5      | Entered Level 5 of the Dungeon
  4501 | D:5      | Noticed Prince Ribbit
  4517 | D:5      | HP: 23/54 [Prince Ribbit (9)]
  4518 | D:5      | Killed Prince Ribbit
  4518 | D:5      | Reached skill level 2 in Unarmed Combat
  4827 | D:5      | Found a sparkling altar of Nemelex Xobeh.
  4886 | D:5      | Reached skill level 3 in Unarmed Combat
  4920 | D:5      | Became a worshipper of Nemelex Xobeh the Trickster
  5221 | D:5      | Reached skill level 4 in Unarmed Combat
  5274 | D:5      | Received a gift from Nemelex Xobeh
  5343 | D:5      | Noticed Menkaure
  5348 | D:5      | Killed Menkaure
  5348 | D:5      | Reached XP level 8. HP: 54/60 MP: 11/11
  5642 | D:5      | Reached skill level 5 in Unarmed Combat
  5692 | D:5      | Noticed Edmund
  5705 | D:5      | Killed Edmund
  5855 | D:5      | Reached skill level 6 in Unarmed Combat
  6059 | D:6      | Reached skill level 1 in Invocations
  6203 | D:6      | Reached * piety under Nemelex Xobeh
  6262 | D:6      | Found a staircase to the Ecumenical Temple.
  6395 | D:6      | Received a gift from Nemelex Xobeh
  6549 | D:6      | Reached XP level 9. HP: 66/66 MP: 12/12
  6665 | D:6      | Found a runed door.
  6933 | D:6      | Noticed Crazy Yiuf
  6939 | D:6      | Killed Crazy Yiuf
  7028 | D:7      | Found Hodege's Antique Weapon Boutique.
  7058 | D:7      | Reached skill level 7 in Unarmed Combat
  7124 | D:7      | Found Bosk's Magic Scroll Shoppe.
  7147 | D:7      | Found Ixaimu's Jewellery Shop.
  7161 | D:7      | Reached skill level 5 in Fighting
  7270 | D:7      | Found Nahar's Jewellery Shoppe.
  7477 | D:7      | Found Vied's Magic Scroll Shop.
  7503 | D:7      | Bought a scroll of magic mapping for 45 gold pieces
  7503 | D:7      | Bought a scroll of remove curse for 39 gold pieces
  7791 | D:8      | Received a gift from Nemelex Xobeh
  7806 | D:8      | Noticed Erica
  7934 | D:8      | Reached ** piety under Nemelex Xobeh
  7958 | D:8      | Learned a level 1 spell: Apportation
  8051 | D:8      | Gained mutation: Armour fits poorly on your strangely shaped body. [mutagenic meat]
  8116 | D:8      | Killed Erica
  8116 | D:8      | Reached skill level 5 in Dodging
  8116 | D:8      | Reached skill level 8 in Unarmed Combat
  8116 | D:8      | Reached skill level 5 in Invocations
  8317 | D:7      | Reached XP level 10. HP: 62/76 MP: 13/13
  8595 | D:8      | Got a crystal trident
  8596 | D:8      | Identified the +7 trident "Yppudan" {flame, rElec rPois rF- Str+4} (You found it on level 8 of the Dungeon)
  8671 | D:8      | Noticed Psyche
  8683 | D:8      | Killed Psyche
  8692 | D:8      | Gained mutation: Your skin changes colour to match your surroundings (Stealth+). [mutagenic meat]
  8693 | D:8      | Gained mutation: Your mind is acute. (Int +2) [mutagenic meat]
  8694 | D:8      | Gained mutation: You have a pair of small antennae on your head. [mutagenic meat]
  8695 | D:8      | Gained mutation: You can translocate small distances at will. [mutagenic meat]
  8750 | D:8      | Received a gift from Nemelex Xobeh
  9003 | D:8      | Reached skill level 5 in Armour
  9979 | D:9      | Gained mutation: Your spells are a little harder to cast, but a little more powerful. [mutagenic meat]
  9980 | D:9      | Lost mutation: You have a pair of small antennae on your head. [mutagenic meat]
  9981 | D:9      | Gained mutation: Potions are less effective at restoring your health. [mutagenic meat]
 10116 | D:9      | Noticed a two-headed ogre
 10126 | D:9      | HP: 31/77 [two-headed ogre/giant club (15)]
 10127 | D:9      | Killed a two-headed ogre
 10127 | D:9      | Reached skill level 9 in Unarmed Combat
 10547 | D:9      | Found a staircase to the Lair.
 10839 | D:9      | Lost mutation: Your mind is acute. (Int +2) [potion of mutation]
 10839 | D:9      | Lost mutation: Armour fits poorly on your strangely shaped body. [potion of mutation]
 10839 | D:9      | Lost mutation: Your spells are a little harder to cast, but a little more powerful. [potion of mutation]
 10839 | D:9      | Lost mutation: Potions are less effective at restoring your health. [potion of mutation]
 10839 | D:9      | Gained mutation: You are dopey. (Int -2) [potion of mutation]
 10839 | D:9      | Gained mutation: You have an increased reservoir of magic. (+10% MP) [potion of mutation]
 10839 | D:9      | Gained mutation: You have a pair of small horns on your head. [potion of mutation]
 10839 | D:9      | Gained mutation: Your spells are a little harder to cast, but a little more powerful. [potion of mutation]
 11095 | D:10     | Entered Level 10 of the Dungeon
 11254 | D:10     | Reached *** piety under Nemelex Xobeh
 11297 | D:10     | Received a gift from Nemelex Xobeh
 11322 | D:10     | Found a stormy altar of Qazlal.
 11386 | D:10     | Noticed a necromancer
 11414 | D:10     | HP: 35/79 [??? (33)]
 11415 | D:10     | Killed a necromancer
 11614 | D:10     | Got a shimmering bronze ring
 11638 | D:10     | Found a staircase to the Orcish Mines.
 11686 | D:10     | Reached skill level 1 in Shields
 11686 | D:10     | Gained mutation: You have very sharp fingernails. [demonic ancestry]
 11686 | D:10     | Reached XP level 11. HP: 68/84 MP: 17/17
 11695 | D:10     | HP: 37/84 [troll (7)]
 11698 | D:10     | HP: 18/84 [troll (11)]
 12198 | D:10     | Noticed a yaktaur captain
 12198 | D:10     | HP: 39/84 [yaktaur captain/bolt (8)]
 12203 | D:10     | HP: 37/84 [centaur skeleton (3)]
 12214 | D:10     | HP: 35/84 [something (5)]
 12547 | Lair:1   | Entered Level 1 of the Lair of Beasts
 12551 | Lair:1   | Identified the ring of Cycvir {+Fly rPois AC+4} (You found it on level 10 of the Dungeon)
 12768 | Lair:1   | Noticed a five-headed hydra
 12799 | Lair:1   | Killed a five-headed hydra
 13203 | D:10     | HP: 31/84 [yaktaur captain/bolt (32)]
 13207 | D:9      | Killed an unseen horror
 13640 | Lair:1   | HP: 42/84 [komodo dragon (3)]
 13952 | Lair:1   | HP: 38/84 [yak (7)]
 13960 | Lair:1   | HP: 31/84 [yak (9)]
 13965 | Lair:1   | HP: 25/84 [yak (7)]
 14251 | Lair:1   | Received a gift from Nemelex Xobeh
 14396 | Lair:2   | Received a gift from Nemelex Xobeh
 14438 | Lair:2   | Found a burning altar of Makhleb.
 14453 | Lair:2   | Reached skill level 10 in Unarmed Combat
 14460 | Lair:2   | HP: 38/85 [basilisk (6)]
 14465 | Lair:2   | HP: 33/85 [blink frog (2)]
 14487 | Lair:2   | HP: 29/85 [blink frog (5)]
 15121 | Lair:2   | Received a gift from Nemelex Xobeh
 15161 | Lair:2   | Reached **** piety under Nemelex Xobeh
 15596 | Lair:3   | Noticed a five-headed hydra
 15609 | Lair:3   | HP: 42/85 [spiny frog (17)]
 15614 | Lair:3   | HP: 39/85 [poisoned by a spiny frog]
 15619 | Lair:3   | HP: 36/85 [poisoned by a spiny frog]
 15625 | Lair:3   | HP: 34/85 [poisoned by a spiny frog]
 15631 | Lair:3   | HP: 34/85 [poisoned by a spiny frog]
 15639 | Lair:3   | HP: 34/85 [poisoned by a spiny frog]
 15874 | Lair:3   | HP: 36/85 [five-headed hydra (11)]
 15876 | Lair:3   | Killed a five-headed hydra
 16495 | Lair:3   | HP: 34/86 [tyrant leech (20)]
 16538 | Lair:3   | HP: 34/86 [meliai/divine providence (11)]
 16551 | Lair:3   | HP: 27/86 [polar bear (4)]
 16602 | Lair:3   | Gained mutation: You have claws for hands. [demonic ancestry]
 16602 | Lair:3   | Reached XP level 12. HP: 42/92 MP: 20/20
 16610 | Lair:3   | HP: 40/92 [black mamba (4)]
 16703 | Lair:3   | Noticed a catoblepas
 16712 | Lair:3   | Killed a catoblepas
 16970 | Lair:3   | Noticed a catoblepas
 16982 | Lair:3   | HP: 44/92 [catoblepas/blast of calcifying dust (5)]
 16985 | Lair:3   | Killed a catoblepas
 17238 | Lair:3   | Noticed a four-headed hydra
 17246 | Lair:3   | Killed a four-headed hydra
 17638 | Lair:3   | Found a staircase to the Swamp.
 17749 | Lair:4   | Noticed an eight-headed hydra
 17758 | Lair:4   | Killed an eight-headed hydra
 17996 | Lair:4   | Reached skill level 11 in Unarmed Combat
 18230 | Lair:4   | Received a gift from Nemelex Xobeh
 18280 | Lair:4   | Found a staircase to the Snake Pit.
 18342 | Lair:4   | Noticed an eight-headed hydra
 18355 | Lair:4   | HP: 41/94 [ten-headed hydra (7)]
 18356 | Lair:4   | HP: 20/94 [blink frog (8)]
 18356 | Lair:4   | HP: 9/94 [ten-headed hydra (11)]
 18356 | Lair:4   | Slain by a ten-headed hydra

Skill      XL: |  1  2  3  4  5  6  7  8  9 10 11 12 |
---------------+-------------------------------------+-----
Axes           | 2 3 4 |  4.6
Armour         | 1 2 3 4 5 6 7 |  7.6
Dodging        | 2 3 4 5 6 7 |  7.6
Fighting       | 3 4 5 7 8 |  8.6
Unarmed Combat | 4 6 8 9 10 11 | 11.1
Invocations    | 2 5 6 8 9 |  9.5
Shields        | 1 3 4 |  4.8
Spellcasting   | |  2.0
Charms         | |  2.6

Action                   |  1- 3 |  4- 6 |  7- 9 | 10-12 || total
-------------------------+-------+-------+-------+-------++-------
Melee: Hand axe          |    92 |    67 |       |       ||   159
       War axe           |       |    64 |    57 |       ||   121
       Unarmed           |       |       |   375 |   688 ||  1063
       Punch             |       |       |     5 |    28 ||    33
       Headbutt          |       |       |       |    98 ||    98
       Trident           |       |       |       |    11 ||    11
Throw: Throwing net      |       |       |       |     1 ||     1
 Cast: Infusion          |     5 |     8 |       |       ||    13
       Regeneration      |       |     2 |       |       ||     2
Invok: Triple Draw       |       |       |       |     1 ||     1
Evoke: Deck              |       |       |     1 |     8 ||     9
  Use: Scroll            |     4 |     5 |    11 |    17 ||    37
       Potion            |       |       |       |     2 ||     2
 Stab: Sleeping          |     2 |       |       |     3 ||     5
       Distracted        |       |     1 |       |     5 ||     6
       Held in net/web   |       |       |       |     1 ||     1
  Eat: Chunk             |     2 |     9 |    15 |    35 ||    61
       Royal jelly       |       |       |       |     1 ||     1
       Fruit             |       |       |       |     1 ||     1
Armor: Leather armour    |    20 |       |       |       ||    20
       Robe              |     8 |    56 |    17 |       ||    81
       Ring mail         |       |       |   146 |   338 ||   484
Dodge: Dodged            |    70 |   117 |   288 |   450 ||   925
Block: Shield            |       |       |       |     4 ||     4
